 Dungeon Crawl Stone Soup version 0.26.0-10-g1f06aea511 (webtiles) character file.

Game seed: 6081648840887117888

47 Arthanis the Firebug (level 3, -5/19 HPs)
             Began as a Deep Elf Fire Elementalist on Jan 18, 2021.
             Slain by an iguana (13 damage)
             ... on level 2 of the Dungeon.
             The game lasted 00:01:40 (1479 turns).

Arthanis the Firebug (Deep Elf Fire Elementalist)   Turns: 1479, Time: 00:01:40

Health: -5/19      AC:  5    Str:  5    XL:     3   Next: 48%
Magic:  3/10       EV: 13    Int: 20    God:
Gold:   75         SH:  0    Dex: 15    Spells: 8/9 levels left

rFire    . . .     SeeInvis .   (no weapon)
rCold    . . .     Faith    .   (no shield)
rNeg     . . .     Spirit   .   a - +0 robe
rPois    .         Reflect  .   c - +2 helmet
rElec    .         Harm     .   (no cloak)
rCorr    .         Rampage  .   (no gloves)
Will     .....                  (no boots)
Stlth    ++........             (no amulet)
HPRegen  0.06/turn              (no ring)
MPRegen  0.12/turn              (no ring)

@: no status effects
A: no striking features
a: no special abilities


You were on level 2 of the Dungeon.
You visited 1 branch of the dungeon, and saw 3 of its levels.

You collected 75 gold pieces.

Inventory:

Armour
 a - a +0 robe (worn)
 c - a +2 helmet (worn)
Scrolls
 e - a scroll of magic mapping {unknown}
 f - 2 scrolls of amnesia {unknown}
 g - a scroll of teleportation {unknown}
 i - a scroll of identify {unknown}
 j - a scroll of noise {unknown}
Potions
 b - a potion of cancellation {unknown}
 d - 3 potions of heal wounds {unknown}
 h - a potion of resistance {unknown}


   Skills:
 - Level 2.4 Dodging
 - Level 2.4 Stealth
 + Level 3.7 Spellcasting
 + Level 2.0 Conjurations
 * Level 4.2 Fire Magic


You had 8 spell levels left.
You knew the following spells:

 Your Spells              Type           Power        Failure   Level
a - Foxfire               Conj/Fire      64%          3%          1

Your spell library contained the following spells:

 Spells                   Type           Power        Failure   Level
 Conjure Flame            Conj/Fire      16%          11%         3
 Inner Flame              Hex/Fire       12%          17%         3
 Sticky Flame             Conj/Fire      16%          34%         4
 Fireball                 Conj/Fire      8%           69%         5


Dungeon Overview and Level Annotations

Branches:
Dungeon (3/15)

Altars:
The Shining One

Annotations:
D:2 Sigmund


Message History

The foxfire hits the iguana but does no damage.
The iguana is moderately wounded.
The iguana bites you.
Casting: Foxfire (safe; 3% risk of failure)
Confirm with . or Enter, or press ? or * to list all spells.
You conjure some foxfire!
The iguana bites you!
Casting: Foxfire (safe; 3% risk of failure)
Confirm with . or Enter, or press ? or * to list all spells.
Nothing appears to happen.
The foxfire hits the iguana.
The iguana is severely wounded.
The foxfire hits the iguana but does no damage.
The iguana is severely wounded.
The foxfire hits the iguana.
The iguana is almost dead.
The iguana closely misses you.
Casting: Foxfire (safe; 3% risk of failure)
Confirm with . or Enter, or press ? or * to list all spells.
You conjure some foxfire!
The iguana bites you!
Ouch! That really hurt!
You die...

# # .....#.#
# ....#.# #
### ...#.# #
##.## ..#.# #
#._.# ..>#
######.######
#..#
#...........#
#vl#
##....#....##
#v@#
##..###..##
##ยง#
##..#..## #.#
##.#.## #.#
#.#.# #.# ###
#.#.# #.# ..#
#.#.# #.# #.#
#...# #.# #.#
##'##


You could see an iguana.

Vanquished Creatures
  2 adders (D:2)
  5 leopard geckos
  2 goblins (D:1)
  3 hobgoblins
  A ball python (D:3)
  2 bats (D:1)
  3 frilled lizards
  4 kobolds
  4 rats
26 creatures vanquished.

Vanquished Creatures (others)
  116 foxfires
116 creatures vanquished.

Grand Total: 142 creatures vanquished

Notes
Turn   | Place    | Note
-------+----------+-------------------------------------------
     0 | D:1      | Arthanis the Deep Elf Fire Elementalist began the quest for
                  | the Orb.
     0 | D:1      | Reached XP level 1. HP: 10/10 MP: 6/6
   399 | D:1      | Reached XP level 2. HP: 15/15 MP: 4/8
  1098 | D:2      | Reached skill level 4 in Fire Magic
  1155 | D:2      | Found a glowing golden altar of the Shining One.
  1258 | D:2      | Reached XP level 3. HP: 19/19 MP: 5/10
  1390 | D:2      | Noticed Sigmund
  1479 | D:2      | Slain by an iguana

Illustrated notes

Levels and vault maps discovered:
D:1:      grunt_arrival_lava_bath, layout_loops_cross
D:2:      layout_basic, nicolae_tso_swordbearing_angel, uniq_sigmund
D:3:      layout_rooms, general_overflow_altar, minitemple

Skill      XL: |  1  2  3 |
---------------+----------+-----
Fire Magic     | 4 |  4.2
Conjurations   | 2 |  2.0
Dodging        | |  2.4
Stealth        | |  2.4
Spellcasting   | |  3.7

Action                   || total
-------------------------++-------
 Cast: Foxfire           ||    82
Armor: Robe              ||     3
Dodge: Dodged            ||    13
